 Dungeon Crawl Stone Soup version 0.29-a0-993-g4a18f31a58 (console) character file.

Game seed: 13284383972007597278

181 capslocke the Trooper (level 5, -2/57 HPs)
             Began as an Ogre Cinder Acolyte on Aug 3, 2022.
             Was a High Priest of Ignis.
             Killed from afar by an orc wizard (7 damage)
             ... with a magic dart
             ... on level 4 of the Dungeon.
             The game lasted 00:09:50 (3663 turns).

capslocke the Trooper (Ogre Cinder Acolyte)         Turns: 3663, Time: 00:09:51

Health: -2/57      AC:  3    Str: 18    XL:     5   Next: 61%
Magic:  3/9        EV:  9    Int: 15    God:    Ignis [*****.]
Gold:   154        SH:  0    Dex:  6    Spells: 8/10 levels left

rFire   + . .      SeeInvis .   a - -1 hand axe (flame)
rCold   . . .      Faith    .   (no shield)
rNeg    . . .      Spirit   .   b - +0 robe
rPois   .          Reflect  .   (helmet restricted)
rElec   .          Harm     .   (no cloak)
rCorr   .          Rampage  .   (gloves unavailable)
Will    .....                   (boots unavailable)
Stlth   +.........              (no amulet)
HPRegen 0.19/turn               (no ring)
MPRegen 0.11/turn               (no ring)

@: no status effects
A: large, unfitting armour, tough skin 1
a: Renounce Religion, Fiery Armour, Foxfire Swarm, Rising Flame


You were on level 4 of the Dungeon.
You worshipped Ignis.
Ignis was extremely pleased with you.
You visited 1 branch of the dungeon, and saw 4 of its levels.

You collected 154 gold pieces.

Inventory:

Hand Weapons
 a - a -1 hand axe of flaming (weapon)
Armour
 b - a +0 robe (worn)
Scrolls
 i - a scroll of immolation {unknown}
 j - a scroll of noise {unknown}
 k - a scroll of summoning {unknown}
 l - a scroll of identify {unknown}
Potions
 c - 6 potions of curing {unknown}
 d - a potion of haste {unknown}
 e - a potion of brilliance {unknown}
 f - a potion of flight {unknown}
 g - 2 potions of magic {unknown}
 h - a potion of berserk rage {unknown}
 m - a potion of heal wounds {unknown}


   Skills:
 + Level 5.3 Fighting
 + Level 4.0 Axes
 + Level 3.0 Spellcasting
 + Level 3.6 Fire Magic


You had 8 spell levels left.
You knew the following spells:

 Your Spells              Type           Power      Damage    Failure   Level
a - Scorch                Fire           26%        2d6       7%          2

Your spell library contained the following spells:

 Spells                   Type           Power      Damage    Failure   Level
 Stone Arrow              Conj/Erth      4%         3d7       52%         3
 Tukima's Dance           Hex            2%         N/A       52%         3
 Animate Armour           Summ/Erth      4%         N/A       89%         4
 Passage of Golubria      Tloc           2%         N/A       89%         4
 Summon Forest            Summ/Tloc      1%         N/A       99%         5
 Summon Mana Viper        Hex/Summ       2%         N/A       99%         5
 Yara's Violent Unravell  Hex/Tmut       1%         3d3       99%         5
 Summon Cactus Giant      Summ           1%         N/A       100%        6
 Lehudib's Crystal Spear  Conj/Erth      1%         10d2      100%        8


Dungeon Overview and Level Annotations

Branches:
Dungeon (4/15)
 Temple: D:4-7

Altars:
Ru
The Shining One


Innate Abilities, Weirdness & Mutations

You are too large for most types of armour.
You have tough skin. (AC +1)


Message History

The endoplasm quivers.
You hit the orc wizard. You burn the orc wizard.
The orc hits you with a +0 dagger. The orc wizard closely misses you.
Something hits you but does no damage.
You barely miss the orc.
The orc is almost dead.
You miss something. You closely miss the orc wizard.
The orc wizard gestures wildly while chanting.
The orc wizard flickers and vanishes!
Something hits you. The orc hits you with a +0 dagger.
Unknown command.
You slash the orc! You burn the orc.
You kill the orc!
You barely miss something. You hit something but do no damage.
You hear some strange, mumbled words.
A magic dart appears from out of thin air!
The magic dart hits you. Something hits you.
You are too injured to fight recklessly!
You miss something. x2; Something hits you. x2
You miss something. You barely miss something.
You hear some strange, mumbled words.
A magic dart appears from out of thin air!
The magic dart hits you!
* * * LOW HITPOINT WARNING * * *
Something hits you.
* * * LOW HITPOINT WARNING * * *
Something hits you.
* * * LOW HITPOINT WARNING * * *
Something hits you.
* * * LOW HITPOINT WARNING * * *
You see here a scroll labelled BUORAN PAI.
Unknown command.
Something hits you.
* * * LOW HITPOINT WARNING * * *
Something hits you.
* * * LOW HITPOINT WARNING * * *
Okay, then.
A magic dart appears from out of thin air!
The magic dart hits you!
You die...

.. #.# .##.# #.# ....
#.# ##... #.# . #...###
#.# # #.
#......####.#.# ..
##..##.@.{?.#.###.. .#
###...######J..†....#
.##
#.......#####)###....
..# #.##.##...##..#
.#.. ..##
.##.####.##..#..# ...#
###. #.# #.......#
.#.###..
##.#####....###
.#..##.# #............#
)#...#.###...#####..#.#


You could see an endoplasm.

Vanquished Creatures
  A hound (D:4)
  An orc priest (D:4)
  An orc wizard (D:4)
  3 adders (D:3)
  A worm (D:2)
  A dart slug (D:3)
  2 orcs (D:4)
  9 endoplasms
  2 giant cockroaches
  7 goblins
  10 hobgoblins
  5 kobolds
  A quokka (D:3)
  5 ball pythons
  6 bats
  3 frilled lizards
  4 rats
62 creatures vanquished.

Notes
Turn   | Place    | Note
-------+----------+-------------------------------------------
     0 | D:1      | capslocke the Ogre Cinder Acolyte began the quest for the
                  | Orb.
     0 | D:1      | Reached XP level 1. HP: 24/24 MP: 2/2
   113 | D:1      | Reached XP level 2. HP: 29/32 MP: 2/4
   542 | D:1      | Learned a level 2 spell: Scorch
   584 | D:1      | Reached XP level 3. HP: 40/40 MP: 1/5
  1798 | D:2      | Found a faded altar of an unknown god.
  1960 | D:2      | Found a sacrificial altar of Ru.
  2217 | D:3      | Reached XP level 4. HP: 31/49 MP: 7/7
  2772 | D:3      | Found a glowing golden altar of the Shining One.
  3301 | D:4      | Reached skill level 5 in Fighting
  3301 | D:4      | Reached XP level 5. HP: 32/57 MP: 7/9
  3663 | D:4      | Killed from afar by an orc wizard

Illustrated notes

Levels and vault maps discovered:
D:1:      psy_arrival_radial02, layout_loops_ring, minmay_small_reverse_x
D:2:      layout_loops_cross, basic_altar,
          shapermc_ecumenical_altar_starsandcircs
D:3:      layout_basic, lemuel_round_altar
D:4:      layout_rooms, chequers_garden

Skill      XL: |  1  2  3  4  5 |
---------------+----------------+-----
Fire Magic     | 3 |  3.6
Spellcasting   | 2 3 |  3.0
Fighting       | 5 |  5.3
Axes           | 4 |  4.0

Action                   |  1- 3 |  4- 6 || total
-------------------------+-------+-------++-------
Melee: Hand axe          |   121 |    88 ||   209
 Cast: Scorch            |     7 |     6 ||    13
Armor: Robe              |    41 |    24 ||    65
Dodge: Dodged            |    51 |    44 ||    95

Table legend: (Time is in decaauts)
 A = Elapsed time spent in this place.
 B = Non-inter-level travel time spent in this place.
 C = Inter-level travel time spent in this place.
 D = Time resting spent in this place.
 E = Time spent auto-exploring this place.
 F = Levels seen in this place.
 G = Mean time per level.
                   A        B        C        D        E       F      G
               +--------+--------+--------+--------+--------+-----+--------+
         Total |   3689 |   3590 |     99 |   1057 |   2097 |   4 |  922.2 |
       Dungeon |   3689 |   3590 |     99 |   1057 |   2097 |   4 |  922.2 |
               +--------+--------+--------+--------+--------+-----+--------+

Top non-repeatable levels by time:
     D:1: 1193 daAuts
     D:3: 1182 daAuts
     D:2: 910 daAuts
     D:4: 404 daAuts
